 Dungeon Crawl Stone Soup version 0.23-a0-49-gd9f7a49 (webtiles) character file.

33073 Amnesiac the Destroyer (level 13, -2/79 HPs)
             Began as a Mummy Conjurer on Aug 8, 2018.
             Was the Champion of Dithmenos.
             Slain by an ettin
             ... wielding a cursed +0 dire flail
              (31 damage)
             ... on level 2 of the Orcish Mines.
             The game lasted 00:32:33 (16487 turns).

Amnesiac the Destroyer (Mummy Conjurer)            Turns: 16487, Time: 00:32:34

Health: -2/79      AC: 11    Str:  8    XL:     13   Next: 34%
Magic:  3/31       EV: 13    Int: 25    God:    Dithmenos [******]
Gold:   1310       SH:  6    Dex: 20    Spells: 10/40 levels left

rFire    x . .     SeeInvis .   a - +9 dagger of Untimely Demise {speed, rN+ Str-4 Int+4 Dex+7}
rCold    + . .     Gourm    .   b - +0 buckler
rNeg     + + +     Faith    .   y - +2 troll leather armour {Snorg}
rPois    ∞         Spirit   .   n - +2 hat {Int+3}
rElec    .         Reflect  .   c - +0 cloak
rCorr    .         Harm     .   (no gloves)
MR       +....                  f - +1 pair of boots
Stlth    +++.......             (no amulet)
HPRegen  0.63/turn              h - +1 ring of evasion
MPRegen  0.22/turn              (no ring)

@: wreathed by umbra, studying Throwing
A: no food or potions, fire vulnerability, cold resistance 1, negative energy
resistance 3, torment resistance, unbreathing, in touch with death 1
a: Shadow Step, Shadow Form, Renounce Religion


You were on level 2 of the Orcish Mines.
You worshipped Dithmenos.
Dithmenos was exalted by your worship.
You were not hungry.

You visited 3 branches of the dungeon, and saw 14 of its levels.

You collected 1310 gold pieces.

Inventory:

Hand Weapons
 a - the +9 dagger of Untimely Demise (weapon) {speed, rN+ Str-4 Int+4 Dex+7}
   (You found it on level 10 of the Dungeon)

   Attacks with this weapon are significantly faster.
   It affects your strength (-4).
   It affects your intelligence (+4).
   It affects your dexterity (+7).
   It protects you from negative energy.
 x - a +0 blowgun
 G - the cursed +14 obsidian axe {chop, +Fly SInv *Curse}
   (You found it on level 1 of the Orcish Mines)

   It inflicts extra damage upon your enemies.
   It lets you see invisible.
   It lets you fly.
   It curses itself when equipped.
   It has a curse placed upon it.
Missiles
 z - 9 curare-tipped needles
Armour
 b - a +0 buckler (worn)
 c - a +0 cloak (worn)
 f - a +1 pair of boots (worn)
 n - a +2 hat of intelligence (worn)
 o - a +0 ring mail of fire resistance
 y - a +2 troll leather armour (worn) {Snorg}
 B - a +1 robe of fire resistance
 C - +0 acid dragon scales
Magical Staves
 i - an uncursed staff of air
Jewellery
 h - a +1 ring of evasion (left hand)
 j - an uncursed amulet of guardian spirit
 v - an uncursed ring of teleportation
 E - an uncursed ring of flight {unknown}
Wands
 p - a wand of digging (22)
 q - a wand of flame (42)
 r - a wand of iceblast (2)
 D - a wand of random effects (14)
Scrolls
 d - 4 scrolls of teleportation {!r}
 e - 3 scrolls of enchant armour {!r}
 g - 2 scrolls of enchant weapon {!r}
 k - a scroll of summoning {!r}
 l - a scroll of magic mapping {!r}
 m - 4 scrolls of identify {!r}
 s - a scroll of silence {!r}
 t - 2 scrolls of remove curse {!r}
 u - a scroll of brand weapon {!r}
 w - 2 scrolls of torment {!r}
Books
 F - a manual of Throwing
Miscellaneous
 A - a phantom mirror


   Skills:
 - Level 1.5 Dodging
 - Level 1.5 Stealth
 - Level 4.0 Shields
 + Level 14.4 Spellcasting
 * Level 14.5 Conjurations
 - Level 7.0 Necromancy


You had 10 spell levels left.
You knew the following spells:

 Your Spells              Type           Power        Failure   Level  Hunger
a - Bolt of Draining      Conj/Necr      #######...   1%          5    N/A
b - Magic Dart            Conj           ####         0%          1    N/A
c - Searing Ray           Conj           ######       1%          2    N/A
d - Iskenderun's Mystic   Conj           ######..     1%          4    N/A
e - Dispel Undead         Necr           ######..     7%          5    N/A
f - Orb of Destruction    Conj           ######....   10%         7    N/A
g - Passwall              Tmut/Erth      ###.....     7%          2    N/A
q - Fulminant Prism       Conj/Hex       ######....   2%          4    N/A

Your spell library contained the following spells:

 Spells                   Type           Power        Failure   Level  Hunger
 Bolt of Magma            Conj/Fire/Erth #####.....   17%         5    N/A
 Venom Bolt               Conj/Pois      ######....   6%          5    N/A
 Summon Small Mammal      Summ           ###.         4%          1    N/A
 Summon Horrible Things   Summ           ###.......   100%        8    N/A
 Summon Ice Beast         Ice/Summ       ###.....     41%         4    N/A
 Call Imp                 Summ           ###.....     7%          2    N/A
 Sublimation of Blood     Necr           ######....   1%          2    N/A
 Summon Greater Demon     Summ           ###.......   100%        7    N/A
 Corpse Rot               Necr           N/A          1%          2    N/A
 Iron Shot                Conj/Erth      ######....   34%         6    N/A
 Stone Arrow              Conj/Erth      ######       1%          3    N/A
 Agony                    Necr           ######..     7%          5    N/A
 Call Canine Familiar     Summ           ###.....     14%         3    N/A
 Lee's Rapid Deconstruct  Erth           ###.......   77%         5    N/A
 Sandblast                Erth           ###...       4%          1    N/A
 Excruciating Wounds      Chrm/Necr      ######....   30%         5    N/A
 Monstrous Menagerie      Summ           ###.......   100%        7    N/A
 Petrify                  Tmut/Erth      ###.....     41%         4    N/A
 Malign Gateway           Summ/Tloc      ###.......   100%        7    N/A
 Iskenderun's Battlesphe  Conj/Chrm      ######..     6%          5    N/A
 Dazzling Spray           Conj/Hex       ######       1%          3    N/A
 Force Lance              Conj/Tloc      ######..     2%          4    N/A
 Summon Lightning Spire   Summ/Air       ###.....     41%         4    N/A
 Summon Guardian Golem    Hex/Summ       ###.....     14%         3    N/A
 Spellforged Servitor     Conj/Summ      ######....   89%         7    N/A

Dungeon Overview and Level Annotations

Branches:
Dungeon (11/15)            Temple (1/1) D:4            Lair (0/6) D:10
    Orc (2/2) D:11            Elf (0/3) Orc:2

Altars:
Ashenzari
Cheibriados
Dithmenos
Elyvilon
Fedhas
Gozag
Hepliaklqana
Kikubaaqudgha
Makhleb
Nemelex Xobeh
Okawaru
Qazlal
Ru
Sif Muna
Trog
Uskayaw
Vehumet
Wu Jian
Xom
Yredelemnul
Zin
The Shining One

Shops:
D:6 %   D:7 *   Orc:2 }:*[


Innate Abilities, Weirdness & Mutations

You do not eat or drink.
Your flesh is vulnerable to fire.
You are immune to poison.
Your flesh is cold resistant. (rC+)
You are immune to negative energy. (rN+++)
You are immune to unholy pain and torment.
You can survive without breathing.
You are in touch with the powers of death.


Message History

Casting: Bolt of Draining (safe; 1% risk of failure)
Confirm with . or Enter, or press ? or * to list all spells.
You don't have enough magic to cast that spell.
Casting: Bolt of Draining (safe; 1% risk of failure)
Confirm with . or Enter, or press ? or * to list all spells.
You don't have enough magic to cast that spell.
You hit the troll.
The troll is almost dead.
You hit the troll.
You kill the troll!
Dithmenos accepts your kill.
You start resting.
A warg comes into view.
The warg howls!
Casting: Bolt of Draining (safe; 1% risk of failure)
Confirm with . or Enter, or press ? or * to list all spells.
Aiming: Bolt of Draining (safe; 1% risk of failure)
Press: ? - help, Shift-Dir - straight line, f - warg
Aim: a warg (umbra)
You feel a surge of power!
The bolt of negative energy misses the warg.
Casting: Bolt of Draining (safe; 1% risk of failure)
Confirm with . or Enter, or press ? or * to list all spells.
You don't have enough magic to cast that spell.
An ettin comes into view. It is wielding two dire flails.
You closely miss the warg. The warg bites you but does no damage.
The warg bites you.
The ettin shouts in stereo!
The warg barely misses you.
Found 18 gold pieces.
Found Faisuuc's Gadget Shoppe.
The warg barely misses you. You block the warg's attack.
There is a stone staircase leading up here.
The warg bites you but does no damage.
An orc priest comes into view. It is wielding a hand axe.
Your magical contamination has completely faded away.
An orc comes into view. It is wielding a club.
An orc priest comes into view. It is wielding a short sword.
The warg barely misses you.
The orc priest shouts!
The orc shouts!
The warg closely misses you.
Casting: Bolt of Draining (safe; 1% risk of failure)
Confirm with . or Enter, or press ? or * to list all spells.
Aiming: Bolt of Draining (safe; 1% risk of failure)
Press: ? - help, Shift-Dir - straight line, f/p - warg
Aim: a warg (umbra)
You feel a surge of power!
The bolt of negative energy misses the warg.
The bolt of negative energy hits the orc priest.
The orc priest is drained!
You kill the orc priest!
Dithmenos accepts your kill. The warg closely misses you.
Unknown command.
The warg bites you.
The ettin hits you with a dire flail!! x2
* * * LOW HITPOINT WARNING * * *
You emit a cloud of dark smoke.
The orc priest casts a cantrip, but nothing happens.
The warg bites you.
* * * LOW HITPOINT WARNING * * *
The ettin barely misses you. The ettin hits you with a dire flail!!
You die...

#.......<....)P..............#
#........÷).P........<....#.##
........#.....P....P...∩....$#
...........[.................#
........#..).[.[.....P.)......
$.#......#..P8..∩.........#...
....#...##..P.............# ..
...$..>......§§........#.#.. .
$.......)....§§@......##..#.
#..#.....o...§§PC...P## .....
....#.......§ohP......#
...##......o§§.........#
...#....#...§§§.....#.## #.
##..............## #
##.##.........## ##
###...#..## #...#...#


You could see an ettin, a warg and an orc priest.

Vanquished Creatures
  Gastronok (D:9)
  The ghost of Muffindrake the Slicer, a journeyman DrEn of Gozag (Orc:1)
  2 orc warlords (Orc:1)
  Snorg (D:9)
  Erolcha (D:10)
  A hydra (D:11)
  A death knight (D:10)
  11 two-headed ogres
  A centaur warrior (D:10)
  Sonja (D:10)
  An orc knight (Orc:2)
  3 ugly things
  2 cyclopes (D:11)
  4 orc sorcerers
  Maurice (D:8)
  Psyche (D:8)
  A kobold demonologist (D:11)
  6 trolls
  A hornet (D:10)
  3 hippogriffs
  Prince Ribbit (D:8)
  2 wraiths (D:10)
  A spriggan (D:11)
  9 yaks
  Eustachio (D:4)
  A vampire (D:10)
  2 hungry ghosts
  A basilisk (D:10)
  Edmund (D:5)
  2 wargs
  Menkaure (D:4)
  An acid dragon (D:11)
  A water moccasin (D:8)
  13 orc warriors
  5 ice beasts
  2 sky beasts
  4 black bears
  8 ogres
  A necrophage (D:11)
  5 phantoms
  3 centaurs
  5 big kobolds
  5 bullfrogs
  A gnoll sergeant (D:10)
  A wyvern zombie (D:10)
  2 wyvern skeletons
  6 scorpions
  7 killer bees
  5 wights
  2 howler monkeys (D:8)
  2 crimson imps
  2 quasits
  2 centaur zombies
  7 jellies
  4 hounds
  7 orc priests
  4 bullfrog skeletons
  A centaur skeleton (D:11)
  13 orc wizards
  13 worker ants
  4 iguanas
  A hound zombie (D:10)
  2 hound skeletons
  A worker ant zombie (D:5)
  Robin (D:4)
  4 gnolls (D:10)
  A howler monkey skeleton (D:8)
  12 adders
  4 shadow imps
  2 oozes
  3 adder skeletons
  2 worms
  A dart slug (D:2)
  3 leopard geckos
  42 orcs
  3 ball pythons
  7 bats
  7 giant cockroaches
  22 goblins
  7 hobgoblins
  12 jackals
  5 quokkas
  2 ball python skeletons (D:4)
  6 frilled lizards
  8 kobolds
  A quokka skeleton (D:4)
  2 quokka zombies
  9 rats
372 creatures vanquished.

Vanquished Creatures (others)
  A fungus (Orc:2)
1 creature vanquished.

Grand Total: 373 creatures vanquished

Notes
Turn   | Place    | Note
-------+----------+-------------------------------------------
     0 | D:1      | Amnesiac the Mummy Conjurer began the quest for the Orb.
     0 | D:1      | Reached XP level 1. HP: 13/13 MP: 4/4
   314 | D:1      | Reached XP level 2. HP: 19/19 MP: 1/6
   318 | D:1      | Learned a level 2 spell: Searing Ray
   500 | D:4      | Identified a paperback manual
   527 | D:4      | Found a staircase to the Ecumenical Temple.
   529 | D:4      | Noticed a scorpion
   537 | Temple   | Entered the Ecumenical Temple
   669 | Temple   | Became a worshipper of Dithmenos the Shadowed
   691 | D:4      | Killed a scorpion
   691 | D:4      | Reached XP level 3. HP: 24/24 MP: 0/8
   762 | D:2      | Reached XP level 4. HP: 30/30 MP: 0/10
  1253 | D:1      | Reached * piety under Dithmenos
  1672 | D:2      | Reached XP level 5. HP: 35/35 MP: 6/11
  1866 | D:2      | Found a white marble altar of Elyvilon.
  2166 | D:3      | Found a burning altar of Makhleb.
  2171 | D:3      | Reached skill level 5 in Conjurations
  2780 | D:4      | Noticed Robin
  2797 | D:4      | Killed Robin
  2797 | D:4      | Reached skill level 5 in Spellcasting
  2821 | D:4      | Reached ** piety under Dithmenos
  2821 | D:4      | Reached XP level 6. HP: 41/41 MP: 0/13
  3021 | D:4      | Found a basalt altar of Yredelemnul.
  3023 | D:4      | Noticed Menkaure
  3025 | D:4      | Found an ancient bone altar of Kikubaaqudgha.
  3087 | D:4      | Found a transporter.
  3098 | D:4      | Found a transporter.
  3719 | D:4      | Noticed Eustachio
  3856 | D:4      | Reached XP level 7. HP: 46/46 MP: 13/15
  3900 | D:4      | Noticed a hungry ghost
  3909 | D:4      | Killed a hungry ghost
  4192 | D:5      | Entered Level 5 of the Dungeon
  4259 | D:5      | Noticed Edmund
  4355 | D:4      | Learned a level 4 spell: Iskenderun's Mystic Blast
  4366 | D:4      | Killed Eustachio
  4502 | D:4      | Killed Menkaure
  4502 | D:4      | Reached XP level 8. HP: 40/52 MP: 1/18
  5232 | D:5      | Reached *** piety under Dithmenos
  5782 | D:5      | Killed Edmund
  6014 | D:6      | Reached XP level 9. HP: 57/57 MP: 6/21
  6167 | D:6      | Found Aginufuc's Food Emporium.
  6593 | D:6      | Found a snail-covered altar of Cheibriados.
  7335 | D:7      | Reached skill level 10 in Conjurations
  7533 | D:7      | Reached skill level 10 in Spellcasting
  7669 | D:7      | Found Desykuk's General Store.
  7935 | D:7      | Reached **** piety under Dithmenos
  8068 | D:7      | Learned a level 5 spell: Bolt of Draining
  8451 | D:8      | Learned a level 5 spell: Dispel Undead
  8466 | D:8      | Reached skill level 1 in Necromancy
  8483 | D:7      | Reached XP level 10. HP: 35/63 MP: 0/24
  8652 | D:8      | Noticed Psyche
  8655 | D:8      | Noticed Prince Ribbit
  8661 | D:8      | Killed Psyche
  8667 | D:8      | Killed Prince Ribbit
  8684 | D:8      | Noticed Maurice
  8688 | D:8      | Learned a level 4 spell: Fulminant Prism
  8691 | D:8      | Killed Maurice
  9313 | D:8      | Found a glowing silver altar of Zin.
  9319 | D:8      | Reached skill level 5 in Necromancy
  9495 | D:8      | Learned a level 7 spell: Orb of Destruction
 10196 | D:9      | Noticed Gastronok
 10208 | D:9      | Killed Gastronok
 10567 | D:9      | Reached XP level 11. HP: 62/68 MP: 6/26
 11376 | D:9      | Reached ***** piety under Dithmenos
 11583 | D:10     | Entered Level 10 of the Dungeon
 11598 | D:10     | Got a steaming dagger
 11602 | D:10     | Noticed a centaur warrior
 11611 | D:10     | Killed a centaur warrior
 11693 | D:10     | Noticed a red ugly thing
 11694 | D:10     | Noticed a brown ugly thing
 11699 | D:10     | Noticed Snorg
 12006 | D:9      | Killed Snorg
 12026 | D:9      | Identified the +9 dagger of Untimely Demise {speed, rN+ Str-4 Int+4 Dex+7} (You found it on level 10 of the Dungeon)
 12237 | D:10     | Noticed Erolcha
 12261 | D:10     | Found a staircase to the Lair.
 12350 | D:10     | Noticed Sonja
 12352 | D:10     | Killed Sonja
 12476 | D:10     | Killed Erolcha
 12522 | D:10     | Killed a brown ugly thing
 12698 | D:10     | Reached skill level 1 in Shields
 12893 | D:10     | Killed a brown ugly thing
 13014 | D:10     | Found a shimmering altar of Xom.
 13042 | D:10     | Noticed a death knight
 13044 | D:10     | Noticed a two-headed ogre
 13294 | D:10     | Killed a two-headed ogre
 13331 | D:10     | Killed a death knight
 13331 | D:10     | Reached XP level 12. HP: 68/74 MP: 1/28
 13901 | D:11     | Noticed a two-headed ogre
 13908 | D:11     | Killed a two-headed ogre
 14097 | D:11     | Noticed a two-headed ogre
 14099 | D:11     | Killed a two-headed ogre
 14103 | D:11     | Noticed a two-headed ogre
 14106 | D:11     | Killed a two-headed ogre
 14274 | D:11     | Noticed a six-headed hydra
 14274 | D:11     | Noticed a two-headed ogre
 14280 | D:11     | Killed a six-headed hydra
 14281 | D:11     | Killed a two-headed ogre
 14410 | D:11     | Learned a level 2 spell: Passwall
 14617 | D:11     | Got an iridescent whip {slash}
 14692 | D:11     | Identified the +5 whip of the World {slash, Str+4} (You took it off a kobold demonologist on level 11 of the Dungeon)
 14854 | D:11     | Found a staircase to the Orcish Mines.
 15086 | Orc:1    | Entered Level 1 of the Orcish Mines
 15086 | Orc:1    | Noticed a two-headed ogre
 15095 | Orc:1    | Found a transporter.
 15096 | Orc:1    | Noticed Muffindrake's ghost (journeyman DrEn)
 15097 | Orc:1    | Found a transporter.
 15098 | Orc:1    | Found the cursed +14 obsidian axe {chop, +Fly SInv *Curse}
 15098 | Orc:1    | Noticed a two-headed ogre
 15098 | Orc:1    | Noticed a two-headed ogre
 15101 | Orc:1    | Noticed a two-headed ogre
 15102 | Orc:1    | Noticed a two-headed ogre
 15120 | Orc:1    | Killed a two-headed ogre
 15363 | Orc:1    | Noticed an orc warlord
 15552 | Orc:1    | Killed an orc warlord
 15865 | Orc:1    | Killed a two-headed ogre
 15866 | Orc:1    | Killed a two-headed ogre
 15868 | Orc:1    | Killed a two-headed ogre
 15868 | Orc:1    | Gained mutation: You are in touch with the powers of death. [Mummy growth]
 15868 | Orc:1    | Reached XP level 13. HP: 72/79 MP: 0/30
 16015 | Orc:1    | Killed Muffindrake's ghost
 16131 | Orc:1    | Got a faintly glowing great mace {flame}
 16131 | Orc:1    | Got a steaming dire flail {crush}
 16144 | Orc:1    | Identified the +10 great mace of Gerghuw {flame, +Fly rF+ Str+4} (You took it off a two-headed ogre on level 1 of the Orcish Mines)
 16145 | Orc:1    | Identified the +7 dire flail "Qotyasma" {crush, rC+ Str+4 Int+2 Stlth-} (You took it off a two-headed ogre on level 1 of the Orcish Mines)
 16173 | Orc:2    | Entered Level 2 of the Orcish Mines
 16173 | Orc:2    | Found a staircase to the Elven Halls.
 16174 | Orc:2    | Found Ejiqyace's General Store.
 16174 | Orc:2    | Found Disoinil's Book Shoppe.
 16174 | Orc:2    | Noticed an orc warlord
 16199 | Orc:1    | Killed an orc warlord
 16199 | Orc:1    | Reached ****** piety under Dithmenos
 16419 | Orc:2    | Found Hubups's Antique Armour Shoppe.
 16455 | Orc:2    | Noticed an ettin
 16462 | Orc:2    | Found Faisuuc's Gadget Shoppe.
 16487 | Orc:2    | Slain by an ettin

Vault maps used:
D:1:      sevenhm_arrival_forest_fort_large_4, serial_bayou_ford_a,
          serial_bayou_pond_c
D:2:      lemuel_doored_altar
D:3:      makhleb_grotto_becter, kennysheep_generic_room_10
D:4:      gammafunk_temple_of_torment, minmay_temple_entry_mist,
          kennysheep_pointless_box, minmay_tree_intersection,
          minmay_divided_ellipse, uniq_eustachio, uniq_robin
D:5:      first_ration, minmay_stone_trees_medium, uniq_edmund
D:6:      kennysheep_little_box, serial_shops, nicolae_shop_crystal
D:7:      serial_shops, shop_fountains, minmay_door_square
D:8:      nicolae_overflow_crystal_walls, uniq_psyche, uniq_maurice,
          uniq_prince_ribbit1
D:9:      uniq_gastronok
D:10:     hangedman_cross_cluster, uniq_sonja, uniq_erolcha, uniq_snorg
D:11:     orc_0_dummy, the_bakery, grunt_ministairs_13
Temple:   eino_temple_rhombus
Orc:1:    basic_altar, gammafunk_ghost_smash, nicolae_orc_crystal_geode
Orc:2:    grunt_orc_gardens, grunt_orc_garden, grunt_orc_garden,
          grunt_orc_garden, grunt_orc_garden, basic_altar, serial_shops,
          shop_fountains, shop, shop, shop, nicolae_shop_stone

Skill      XL: |  1  2  3  4  5  6  7  8  9 10 11 12 13 |
---------------+----------------------------------------+-----
Spellcasting   | 3 4 5 7 8 10 11 12 13 14 | 14.4
Conjurations   | 4 5 6 7 8 10 11 12 14 | 14.5
Necromancy     | 1 5 7 |  7.0
Shields        | 2 4 |  4.0
Dodging        | |  1.5
Stealth        | |  1.5

Action                   |  1- 3 |  4- 6 |  7- 9 | 10-12 | 13-15 || total
-------------------------+-------+-------+-------+-------+-------++-------
Melee: Short sword       |     1 |    26 |    27 |    18 |       ||    72
       Dagger            |       |       |       |    73 |    11 ||    84
 Cast: Magic Dart        |    26 |   127 |     6 |     2 |       ||   161
       Searing Ray       |     5 |    16 |    27 |       |       ||    48
       Iskenderun's Myst |       |       |   110 |    64 |       ||   174
       Bolt of Draining  |       |       |       |   159 |    21 ||   180
       Dispel Undead     |       |       |       |    15 |     4 ||    19
       Orb of Destructio |       |       |       |     1 |       ||     1
Evoke: Wand              |       |       |     8 |    31 |       ||    39
  Use: Scroll            |       |     9 |     3 |     8 |       ||    20
Armor: Robe              |     1 |    16 |    19 |    14 |       ||    50
       Troll leather arm |       |       |       |    41 |     2 ||    43
Dodge: Dodged            |    10 |    65 |    58 |   142 |    14 ||   289
Block: Buckler           |       |       |       |    12 |     4 ||    16

Table legend:
 A = Spawn XP
 B = Non-spawn XP
 C = Spawn XP percentage of total XP
 D = Spawn monster count
 E = Non-spawn monster count
 F = Spawn count percentage of total count
 G = Total turns spent on level
                    A         B        C        D         E        F      G
               +---------+---------+-------+---------+---------+-------+---------
         Total |       0 |   47248 |   0.0 |       0 |     372 |   0.0 | 16487
               +---------+---------+-------+---------+---------+-------+---------
           D:1 |       0 |      38 |   0.0 |       0 |      23 |   0.0 |  1007
           D:2 |       0 |     118 |   0.0 |       0 |      27 |   0.0 |   716
           D:3 |       0 |      83 |   0.0 |       0 |      14 |   0.0 |   712
           D:4 |       0 |    1225 |   0.0 |       0 |      42 |   0.0 |  1928
           D:5 |       0 |    1211 |   0.0 |       0 |      25 |   0.0 |  1481
           D:6 |       0 |     733 |   0.0 |       0 |      13 |   0.0 |   915
           D:7 |       0 |    2265 |   0.0 |       0 |      33 |   0.0 |  2184
           D:8 |       0 |    2795 |   0.0 |       0 |      32 |   0.0 |  1132
           D:9 |       0 |    5709 |   0.0 |       0 |      34 |   0.0 |  1972
          D:10 |       0 |    9313 |   0.0 |       0 |      56 |   0.0 |  1698
          D:11 |       0 |    8586 |   0.0 |       0 |      37 |   0.0 |  1192
         Orc:1 |       0 |   11157 |   0.0 |       0 |      25 |   0.0 |  1239
         Orc:2 |       0 |    4015 |   0.0 |       0 |      11 |   0.0 |   162
               +---------+---------+-------+---------+---------+-------+---------
